 Dungeon Crawl Stone Soup version 0.23.1 (webtiles) character file.

Game seed: 13551954523870550351

123 Lauz the Poker (level 5, 0/42 HPs)
             Began as a Merfolk Berserker on Mar 16, 2019.
             Was a Priest of Trog.
             Slain by an adder (4 damage)
             ... on level 2 of the Dungeon.
             The game lasted 00:03:43 (1954 turns).

Lauz the Poker (Merfolk Berserker)                  Turns: 1954, Time: 00:03:44

Health: 0/42       AC:  2    Str: 19    XL:     5   Next: 7%
Magic:  5/5        EV: 14    Int:  6    God:    Trog [***...]
Gold:   77         SH:  0    Dex: 13    Spells: 4/4 levels left

rFire    . . .     SeeInvis .   a - +0 spear
rCold    . . .     Gourm    +   (no shield)
rNeg     . . .     Faith    .   b - +0 animal skin
rPois    .         Spirit   .   (no helmet)
rElec    .         Reflect  .   (no cloak)
rCorr    .         Harm     .   (no gloves)
MR       .....                  (no boots)
Stlth    ++........             e - amulet of the gourmand
HPRegen  0.14/turn              (no ring)
MPRegen  0.09/turn              (no ring)

@: berserk cooldown, slowed, very slow
A: change form in water, swift swim, stealthy swim
a: Berserk, Trog's Hand, Renounce Religion


You were on level 2 of the Dungeon.
You worshipped Trog.
Trog was most pleased with you.
You were not hungry.

You visited 1 branch of the dungeon, and saw 2 of its levels.

You collected 77 gold pieces.

Inventory:

Hand Weapons
 a - a +0 spear (weapon)
Armour
 b - a +0 animal skin (worn)
Jewellery
 e - an amulet of the gourmand (around neck)
 m - an uncursed ring of ice
Scrolls
 f - a scroll of immolation {unknown}
 g - 3 scrolls of identify {unknown}
 h - a scroll of teleportation {unknown}
 k - 2 scrolls of remove curse {unknown}
 o - a scroll of amnesia {unknown}
Potions
 d - a potion of magic {unknown}
 i - 2 potions of curing {unknown}
 j - a potion of invisibility {unknown}
 l - a potion of agility {unknown}
 n - a potion of cancellation {unknown}
Comestibles
 c - 3 rations


   Skills:
 + Level 4.0 Fighting
 + Level 6.0 Polearms
 + Level 1.6 Armour
 * Level 4.2 Dodging
 + Level 1.1 Stealth


You had 4 spell levels left.
You didn't know any spells.
Your spell library was empty.

Dungeon Overview and Level Annotations

Branches:
Dungeon (2/15)

Altars:
Ashenzari


Message History

Things that are here:
a +0 flail; 4 chunks of flesh; a gnoll skeleton Attack whom?
Press: ? - help, Dir - move target cursor, f - adder
Aim: an adder You reach to attack!
You completely miss the adder. You hit the adder but do no damage.
The adder closely misses you. The adder barely misses you.
You miss the adder. The adder barely misses you.
You miss the adder. The adder bites you.
* * * LOW HITPOINT WARNING * * *
The adder barely misses you.
You barely miss the adder. The adder bites you.
* * * LOW HITPOINT WARNING * * *
You closely miss the adder. The adder barely misses you.
The adder closely misses you. The rat misses you.
You barely miss the adder. The adder bites you.
* * * LOW HITPOINT WARNING * * *
The rat bites you but does no damage. The adder bites you.
You die...

#.......#
################.......#
.......................#
.....(........ ........#
......######## #.......#
......##########.).....#
...............#.r.....#.
......########..@S.......
#####.# ###########..
#.###### ########...
#......### #..........
##########...####.........
....# ###............#
....# #####........# ....#
##†......# ....# #.......#


You could see an adder and a rat.

Vanquished Creatures
  3 gnolls (D:2)
  An adder (D:2)
  4 oozes
  3 worms (D:2)
  3 leopard geckos
  A giant cockroach (D:2)
  6 goblins
  9 hobgoblins
  4 jackals (D:1)
  6 kobolds
  5 bats
  6 frilled lizards
  6 rats
57 creatures vanquished.

Notes
Turn   | Place    | Note
-------+----------+-------------------------------------------
     0 | D:1      | Lauz the Merfolk Berserker began the quest for the Orb.
     0 | D:1      | Reached XP level 1. HP: 18/18 MP: 1/1
   167 | D:1      | Reached XP level 2. HP: 18/24 MP: 2/2
   268 | D:1      | Reached skill level 5 in Polearms
   781 | D:1      | Reached XP level 3. HP: 25/29 MP: 3/3
   892 | D:1      | Reached ** piety under Trog
  1322 | D:2      | Reached XP level 4. HP: 37/37 MP: 4/4
  1801 | D:2      | Found a shattered altar of Ashenzari.
  1856 | D:2      | Reached *** piety under Trog
  1932 | D:2      | Reached skill level 1 in Stealth
  1943 | D:2      | Reached skill level 6 in Polearms
  1943 | D:2      | Reached XP level 5. HP: 17/42 MP: 5/5
  1954 | D:2      | Slain by an adder

Skill      XL: |  1  2  3  4 |
---------------+-------------+-----
Polearms       | 5 6 |  6.0
Dodging        | 3 4 |  4.2
Fighting       | 4 |  4.0
Stealth        | 1 |  1.1
Armour         | |  1.6

Action                   |  1- 3 |  4- 6 || total
-------------------------+-------+-------++-------
Melee: Spear             |   131 |   108 ||   239
Invok: Berserk           |     1 |     1 ||     2
 Stab: Sleeping          |     1 |     3 ||     4
  Eat: Chunk             |     7 |     6 ||    13
Armor: Animal skin       |    16 |    10 ||    26
Dodge: Dodged            |    63 |    62 ||   125
